 Dungeon Crawl Stone Soup version 0.26-a0-712-ga5a9c9c9d0 (webtiles) character file.

Game seed: 3921072441063151391

195 heikuro the Skirmisher (level 6, -5/48 HPs)
             Began as a Formicid Abyssal Knight on Nov 1, 2020.
             Was a Believer of Lugonu.
             Slain by a gnoll
             ... wielding a +0 flail
              (7 damage)
             ... on level 3 of the Dungeon.
             The game lasted 00:04:05 (2663 turns).

heikuro the Skirmisher (Formicid Abyssal Knight)    Turns: 2663, Time: 00:04:05

Health: -5/48      AC:  4    Str: 19    XL:     6   Next: 4%
Magic:  8/8        EV: 11    Int: 11    God:    Lugonu [**....]
Gold:   77         SH:  0    Dex: 10    Spells: 5/5 levels left

rFire    . . .     SeeInvis +   j - +1 dagger (venom)
rCold    . . .     Faith    .   (no shield)
rNeg     . . .     Spirit   .   b - +0 leather armour
rPois    .         Reflect  .   (helmet unavailable)
rElec    .         Harm     .   o - +0 cloak
rCorr    .         Rampage  .   (no gloves)
MR       .....                  (no boots)
Stlth    +.........             (no amulet)
HPRegen  0.16/turn              (no ring)
MPRegen  0.11/turn              (no ring)

@: no status effects
A: permanent stasis, dig shafts and tunnels, four strong arms, antennae 3
a: Dig, Shaft Self, Depart the Abyss, Bend Space, Renounce Religion


You were on level 3 of the Dungeon.
You worshipped Lugonu.
Lugonu was pleased with you.
You visited 1 branch of the dungeon, and saw 3 of its levels.
You visited the Abyss 1 time.

You collected 77 gold pieces.

Inventory:

Hand Weapons
 j - a +1 dagger of venom (weapon)
 q - a +0 vampiric hand axe
Missiles
 g - 2 throwing nets (quivered)
Armour
 b - a +0 leather armour (worn)
 o - a +0 cloak (worn)
Jewellery
 i - a +4 ring of slaying {unknown}
 n - an uncursed amulet of guardian spirit {unknown}
Scrolls
 c - a scroll of enchant weapon {unknown}
 d - a scroll of enchant armour {unknown}
 e - a scroll of fog {unknown}
 f - a scroll of immolation {unknown}
 h - a scroll of noise {unknown}
 k - a scroll of remove curse {unknown}
 l - 2 scrolls of identify {unknown}
 m - a scroll of teleportation {unknown}
 p - a scroll of blinking {unknown}


   Skills:
 + Level 4.2 Fighting
 * Level 3.9 Axes
 + Level 3.3 Armour
 - Level 1.0 Dodging
 + Level 3.5 Invocations


You had 5 spell levels left.
You didn't know any spells.
Your spell library was empty.

Dungeon Overview and Level Annotations

Branches:
Dungeon (3/15)

Altars:
Elyvilon
Hepliaklqana
Makhleb
Nemelex Xobeh


Innate Abilities, Weirdness & Mutations

You cannot be hasted, slowed, berserked, paralysed or teleported.
You can dig through walls and to a lower floor.
Your four strong arms can wield two-handed weapons with a shield.
You have a pair of large antennae on your head. (SInv)


Message History

* * * LOW HITPOINT WARNING * * *
You hit the gnoll.
The gnoll is poisoned.
The gnoll is moderately wounded.
The gnoll closely misses you.
You closely miss the gnoll.
The gnoll is heavily wounded.
The gnoll hits you with a +0 flail!
* * * LOW HITPOINT WARNING * * *
You barely miss the gnoll.
The gnoll is heavily wounded.
The gnoll misses you.
You hit the gnoll.
The gnoll is severely wounded.
The gnoll closely misses you.
You barely miss the gnoll.
The gnoll is severely wounded.
You hit the gnoll but do no damage.
The gnoll looks even sicker.
The gnoll is severely wounded.
The gnoll hits you with a +0 flail!
You die...

## . #. .###
..# #.# +#
#@# ..$ #g#
.... #.#
.....
#.#.##......
#....)......
#...##......
##### .....
.... ...


You could see a gnoll (very poisoned).

Vanquished Creatures
  A centaur (D:2)
  A hound (D:2)
  2 gnolls (D:3)
  2 adders (D:2)
  3 dart slugs
  2 leopard geckos (D:2)
  An orc (D:3)
  3 giant cockroaches
  7 goblins
  3 hobgoblins
  6 bats
  2 frilled lizards (D:1)
  8 kobolds
  5 rats
46 creatures vanquished.

Notes
Turn   | Place    | Note
-------+----------+-------------------------------------------
     0 | Abyss:1  | heikuro the Formicid Abyssal Knight began the quest for the
                  | Orb.
     0 | Abyss:1  | Reached XP level 1. HP: 18/18 MP: 2/2
    36 | Abyss:2  | Noticed a ynoxinul
    36 | D:1      | Escaped the Abyss
   270 | D:1      | Reached skill level 1 in Dodging
   274 | D:1      | Reached XP level 2. HP: 23/24 MP: 3/3
   318 | D:1      | Reached * piety under Lugonu
   802 | D:1      | Reached XP level 3. HP: 29/29 MP: 4/4
  1147 | D:2      | Found a hazy altar of Hepliaklqana.
  1173 | D:2      | Found a sparkling altar of Nemelex Xobeh.
  1524 | D:2      | Reached XP level 4. HP: 37/37 MP: 6/6
  1530 | D:2      | Found a white marble altar of Elyvilon.
  1729 | D:2      | Noticed a centaur
  1742 | D:2      | Killed a centaur
  1742 | D:2      | Reached skill level 4 in Fighting
  1742 | D:2      | Reached XP level 5. HP: 10/42 MP: 7/7
  2069 | D:2      | Found a burning altar of Makhleb.
  2637 | D:3      | Reached ** piety under Lugonu
  2651 | D:3      | Reached XP level 6. HP: 11/48 MP: 8/8
  2655 | D:3      | HP: 1/48 [gnoll/+0 flail (10)]
  2663 | D:3      | Slain by a gnoll

Illustrated notes

Levels and vault maps discovered:
D:1:      dpeg_arrival_tiny_a, layout_basic, minmay_unequal
D:2:      layout_loops_ring, nicolae_overflow_crystal_walls,
          makhleb_heckhound_becter, overflow_temple_1_default, elyvilon_altar_3,
          minmay_tetromino_o4
D:3:      layout_loops_corners, kennysheep_path_1, uniq_crazy_yiuf_cottage,
          uniq_terence, uniq_grinder

Skill      XL: |  1  2  3  4 |
---------------+-------------+-----
Dodging        | 1 |  1.0
Axes           | 3 |  3.9
Fighting       | 4 |  4.2
Armour         | 3 |  3.3
Invocations    | 3 |  3.5

Action                   |  1- 3 |  4- 6 || total
-------------------------+-------+-------++-------
Melee: Hand axe          |    40 |    65 ||   105
       Dagger            |    44 |    10 ||    54
Invok: Depart the Abyss  |     1 |       ||     1
Armor: Leather armour    |    20 |    19 ||    39
Dodge: Dodged            |    46 |    60 ||   106

Table legend: (Time is in decaauts)
 A = Elapsed time spent in this place.
 B = Non-inter-level travel time spent in this place.
 C = Inter-level travel time spent in this place.
 D = Time resting spent in this place.
 E = Time spent auto-exploring this place.
 F = Levels seen in this place.
 G = Mean time per level.
                   A        B        C        D        E       F      G
               +--------+--------+--------+--------+--------+-----+--------+
         Total |   2677 |   2596 |     81 |   1247 |    921 |   5 |  535.4 |
       Dungeon |   2641 |   2560 |     81 |   1247 |    921 |   3 |  880.3 |
         Abyss |     35 |     35 |      0 |      0 |      0 |   2 |   17.5 |
               +--------+--------+--------+--------+--------+-----+--------+

Top non-repeatable levels by time:
     D:2: 1716 daAuts
     D:1: 890 daAuts
     D:3: 35 daAuts
 Abyss:1: 31 daAuts
 Abyss:2: 4 daAuts
